 Dungeon Crawl Stone Soup version 0.27-a0-279-gdfb9265905 (webtiles) character file.

Game seed: 17145768249238525504

5793 maxwax212 the Destroyer (level 10, -1/74 HPs)
             Began as a Demigod Conjurer on Feb 7, 2021.
             Slain by a seven-headed hydra (6 damage)
             ... on level 1 of the Lair of Beasts.
             The game lasted 01:24:01 (9650 turns).

maxwax212 the Destroyer (Demigod Conjurer)          Turns: 9650, Time: 01:24:01

Health: -1/74      AC:  7    Str: 10    XL:     10   Next: 26%
Magic:  33/36      EV: 11    Int: 26    God:
Gold:   217        SH: 13    Dex: 16    Spells: 15/27 levels left

rFire    . . .     SeeInvis .   p - staff of conjuration
rCold    . . .     Faith    .   j - +0 kite shield
rNeg     . . .     Spirit   .   b - +0 robe
rPois    .         Reflect  +   Q - +2 helmet
rElec    .         Harm     .   U - +0 cloak
rCorr    .         Rampage  .   T - +0 pair of gloves
Will     +....                  (no boots)
Stlth    ++........             S - amulet of reflection
HPRegen  0.22/turn              u - ring of magical power
MPRegen  0.25/turn              F - ring of wizardry

@: no status effects
A: high mp 1
a: no special abilities


You were on level 1 of the Lair of Beasts.
You visited 3 branches of the dungeon, and saw 10 of its levels.

You collected 459 gold pieces.
You spent 242 gold pieces at shops.

Inventory:

Hand Weapons
 g - a +0 short sword of venom
 l - a +1 dagger of electrocution
 o - a +2 short sword of holy wrath
 H - a +2 rapier of speed
 J - a +1 dire flail of draining
Missiles
 d - 211 arrows
 k - 283 stones
 t - 28 bolts
 w - 49 poisoned darts
 M - 44 sling bullets
Armour
 b - a +0 robe (worn)
 j - a +0 kite shield (worn)
 Q - a +2 helmet (worn)
 T - a +0 pair of gloves (worn)
 U - a +0 cloak (worn)
 V - a +0 kite shield
Magical Staves
 p - an uncursed staff of conjuration (weapon)
Jewellery
 u - a ring of magical power (left hand)
 F - a ring of wizardry (right hand)
 N - an uncursed ring of fire {unknown}
 R - a +6 ring of intelligence {unknown}
 S - an amulet of reflection (around neck)
 W - an uncursed ring of protection from fire {unknown}
Wands
 v - a wand of flame (51) (quivered)
 I - a wand of acid (17)
Scrolls
 a - a scroll of summoning {unknown}
 e - 3 scrolls of amnesia {unknown}
 h - 2 scrolls of identify
 n - 3 scrolls of enchant weapon {unknown}
 q - a scroll of immolation {unknown}
 s - a scroll of enchant armour {unknown}
 y - 5 scrolls of remove curse {unknown}
 D - 2 scrolls of teleportation {unknown}
 E - 2 scrolls of noise {unknown}
 K - 2 scrolls of blinking {unknown}
Potions
 c - 2 potions of resistance {unknown}
 i - a potion of lignification
 m - a potion of haste {unknown}
 r - a potion of berserk rage {unknown}
 x - 5 potions of might
 z - 2 potions of magic {unknown}
 A - a potion of cancellation {unknown}
 C - 3 potions of degeneration
 G - 2 potions of flight {unknown}
 O - a potion of heal wounds {unknown}
 P - 5 potions of curing {unknown}


   Skills:
 * Level 2.3 Fighting
 - Level 1.7 Short Blades
 * Level 2.0 Staves
 * Level 3.1 Dodging
 - Level 1.7 Stealth
 * Level 2.1 Shields
 + Level 0.3 Unarmed Combat
 * Level 9.1 Spellcasting
 * Level 9.9 Conjurations
 + Level 1.0 Earth Magic


You had 15 spell levels left.
You knew the following spells:

 Your Spells              Type           Power        Failure   Level
a - Magic Dart            Conj           100%         1%          1
b - Searing Ray           Conj           100%         1%          2
c - Iskenderun's Mystic   Conj/Tloc      54%          13%         4
d - Fulminant Prism       Conj/Hex       27%          13%         4
e - Sandblast             Erth           34%          7%          1

Your spell library contained the following spells:

 Spells                   Type           Power        Failure   Level
 Dazzling Flash           Conj/Hex       100%         4%          3
 Static Discharge         Conj/Air       54%          4%          3
 Corona                   Hex            12%          11%         1
 Orb of Destruction       Conj           38%          78%         7
 Yara's Violent Unravell  Hex/Tmut       5%           94%         5


Dungeon Overview and Level Annotations

Branches:
Dungeon (8/15)             Temple (1/1) D:4            Lair (1/6) D:8

Shops:
D:7 [

Annotations:
D:4 2 transporters, Tarl's ghost, novice TrEE


Innate Abilities, Weirdness & Mutations

You have an increased reservoir of magic. (+10% MP)


Message History

The seven-headed hydra barely misses you.
You block the seven-headed hydra's attack.
As you read the scroll of fog, it crumbles to dust.
The scroll dissolves into smoke.
You block the seven-headed hydra's attack. x3
The seven-headed hydra bites you!
* * * LOW HITPOINT WARNING * * *
You block the seven-headed hydra's attack.
The seven-headed hydra bites you but does no damage.
You block the seven-headed hydra's attack.
As you read the scroll of fog, it crumbles to dust.
The scroll dissolves into smoke.
You block the seven-headed hydra's attack. x2
The seven-headed hydra bites you but does no damage.
The seven-headed hydra barely misses you.
You block the seven-headed hydra's attack.
The seven-headed hydra bites you!
* * * LOW HITPOINT WARNING * * *
The seven-headed hydra bites you.
You die...

.#.###.........
..............
#. .............
#.. #...........
##.. #..........
.....
#..........
.....# #..<#.#
#...##§§..#
##...§@D§.##
#....§§§§.#
##....?...#
#.........#
#.........#
#.........#
#...........
..............
................


You could see a seven-headed hydra.

Vanquished Creatures
  A two-headed ogre (D:8)
  Maggie (D:7)
  Prince Ribbit (D:8)
  A slime creature (D:8)
  Eustachio (D:5)
  A yak (D:8)
  Edmund (D:5)
  2 water moccasins (D:8)
  2 sky beasts
  3 ice beasts
  4 orc warriors
  5 black bears
  3 ogres
  A centaur (D:7)
  4 phantoms
  5 bullfrogs (D:8)
  A wyvern skeleton (D:6)
  2 scorpions (D:8)
  11 killer bees (D:8)
  2 water moccasin skeletons (D:5)
  2 howler monkeys
  2 bullfrog zombies
  2 centaur skeletons
  A jelly (D:7)
  4 hounds
  An orc priest (D:7)
  A bullfrog skeleton (D:5)
  Jessica (D:2)
  2 iguanas
  2 orc wizards
  4 worker ants
  A worker ant zombie (D:6)
  5 gnolls
  5 adders
  A shadow imp (D:7)
  3 white imps
  An ufetubus (D:8)
  An adder skeleton (D:4)
  A worm (D:3)
  3 dart slugs
  3 leopard geckos
  21 orcs
  2 giant cockroaches
  4 hobgoblins
  8 jackals
  5 quokkas
  4 ball pythons
  A ball python skeleton (D:4)
  A ball python zombie (D:5)
  8 bats
  3 frilled lizards
  8 goblins
  12 kobolds
  A quokka skeleton (D:4)
  4 rats
180 creatures vanquished.

Vanquished Creatures (others)
  A quokka (D:5)
  49 fungi (D:8)
  47 plants
97 creatures vanquished.

Grand Total: 277 creatures vanquished

Notes
Turn   | Place    | Note
-------+----------+-------------------------------------------
     0 | D:1      | maxwax212 the Demigod Conjurer began the quest for the Orb.
     0 | D:1      | Reached XP level 1. HP: 14/14 MP: 5/5
   642 | D:1      | Reached XP level 2. HP: 20/20 MP: 2/7
  1181 | D:2      | Reached XP level 3. HP: 26/26 MP: 5/8
  1222 | D:2      | Noticed Jessica
  1224 | D:2      | Killed Jessica
  1225 | D:2      | Found a shimmering blue altar of Sif Muna.
  1238 | D:2      | Identified Sif Muna's Tome of the Mountains
  1246 | D:2      | Found a bloodstained altar of Trog.
  1348 | D:2      | Reached XP level 4. HP: 33/33 MP: 4/9
  1452 | D:2      | Reached skill level 5 in Conjurations
  2493 | D:3      | You fall into a shaft and drop 1 floor!
  3494 | D:4      | Reached XP level 5. HP: 38/38 MP: 12/12
  3500 | D:4      | Learned a level 2 spell: Searing Ray
  3530 | D:4      | Found a blossoming altar of Fedhas.
  3553 | D:4      | Noticed an ogre
  3559 | D:4      | Killed an ogre
  3767 | D:4      | Reached XP level 6. HP: 45/45 MP: 14/14
  3864 | D:4      | Found a staircase to the Ecumenical Temple.
  3946 | D:4      | Found a transporter.
  3946 | D:4      | Noticed Tarl's ghost (novice TrEE)
  3950 | D:4      | Found a transporter.
  4325 | Temple   | Entered the Ecumenical Temple
  4588 | D:5      | Entered Level 5 of the Dungeon
  4602 | D:5      | Found a stormy altar of Qazlal.
  4610 | D:5      | Noticed Eustachio
  4784 | D:5      | Killed Eustachio
  4799 | D:5      | Found a radiant altar of Vehumet.
  4963 | D:5      | Noticed Edmund
  4971 | D:5      | Killed Edmund
  4972 | D:5      | Reached XP level 7. HP: 26/50 MP: 16/16
  5190 | D:5      | Found a white marble altar of Elyvilon.
  5997 | D:5      | Reached skill level 1 in Short Blades
  6216 | D:6      | Noticed a +0 hand axe
  6217 | D:6      | Found a hide-covered altar of Uskayaw.
  6218 | D:6      | Noticed a -3 dagger
  6250 | D:6      | Reached skill level 5 in Spellcasting
  6315 | D:6      | Found a bloodstained altar of Trog.
  6423 | D:6      | Reached XP level 8. HP: 58/58 MP: 19/19
  6436 | D:6      | Reached skill level 1 in Fighting
  6696 | D:6      | Found a white marble altar of Elyvilon.
  6954 | D:7      | Found Utisajazops's Antique Armour Shop.
  6999 | D:7      | Bought a pair of gloves for 121 gold pieces
  6999 | D:7      | Bought a cloak for 121 gold pieces
  7112 | D:7      | Reached skill level 1 in Shields
  7306 | D:7      | Found a hazy altar of Hepliaklqana.
  7363 | D:7      | Learned a level 4 spell: Iskenderun's Mystic Blast
  7368 | D:7      | Learned a level 4 spell: Fulminant Prism
  7370 | D:7      | Learned a level 1 spell: Sandblast
  7503 | D:7      | Noticed Maggie
  7510 | D:7      | Killed Maggie
  7519 | D:7      | Reached XP level 9. HP: 61/64 MP: 15/23
  7943 | D:8      | Found a shadowy altar of Dithmenos.
  8431 | D:8      | Noticed Prince Ribbit
  8437 | D:8      | Killed Prince Ribbit
  9032 | D:8      | Noticed a two-headed ogre
  9047 | D:8      | Killed a two-headed ogre
  9048 | D:8      | Reached skill level 1 in Staves
  9048 | D:8      | Reached XP level 10. HP: 62/73 MP: 24/27
  9301 | D:8      | Found a broken altar of Ashenzari.
  9391 | D:8      | Reached skill level 1 in Earth Magic
  9467 | D:8      | Identified Neptutuff's Incunabulum of Hurtful Beguiling
  9501 | D:8      | Found a staircase to the Lair.
  9636 | Lair:1   | Entered Level 1 of the Lair of Beasts
  9636 | Lair:1   | Noticed a seven-headed hydra
  9650 | Lair:1   | Slain by a seven-headed hydra

Illustrated notes

Levels and vault maps discovered:
D:1:      lightli_arrival_chessboard, layout_loops_ring
D:2:      layout_loops_ring, nzn_overflow_gifts_of_might_and_magic
D:3:      layout_basic, kennysheep_generic_room_7
D:4:      layout_rooms, minmay_temple_entry_arrows, serial_bayou,
          serial_bayou_shore_a, serial_bayou_lake_a, serial_bayou_ford_a,
          serial_bayou_lagoon_a, serial_bayou_pond_a, gammafunk_ghost_arena,
          fedhas_altar_4
D:5:      layout_loops_corners, lemuel_crystal_altar, vehumet_altar_wand_db,
          elyvilon_altar_4, uniq_eustachio, uniq_edmund
D:6:      layout_cave_pools, nicolae_overflow_hidden_temple,
          dancing_weapons_uskayaw, trog_butcher_becter
D:7:      layout_basic, nzn_hepliaklqana_mist_gate, serial_shops, shop,
          grunt_ministairs_5, uniq_maggie
D:8:      layout_gridville, lemuel_doored_altar, due_lair_maze_entry_diamond,
          basic_altar, minmay_microvault, uniq_prince_ribbit1
Temple:   minmay_temple_bridge_abc
Lair:1:   layout_small_grid, nzn_masters_of_martial_movement, grunt_megastairs_1

Skill      XL: |  1  2  3  4  5  6  7  8  9 10 |
---------------+-------------------------------+-----
Conjurations   | 4 5 6 7 8 9 |  9.9
Spellcasting   | 2 3 4 5 7 9 |  9.1
Dodging        | 2 3 |  3.1
Short Blades   | 1 |  1.7
Fighting       | 1 2 |  2.3
Shields        | 1 2 |  2.1
Staves         | 1 2 |  2.0
Earth Magic    | 1 |  1.0
Stealth        | |  1.7
Unarmed Combat | |  0.3

Action                   |  1- 3 |  4- 6 |  7- 9 | 10-12 || total
-------------------------+-------+-------+-------+-------++-------
Melee: Unarmed           |     9 |       |       |       ||     9
       Short sword       |     5 |    18 |       |       ||    23
       Rapier            |       |       |    12 |       ||    12
       Staff             |       |       |       |     3 ||     3
 Cast: Magic Dart        |    44 |   105 |   101 |     9 ||   259
       Searing Ray       |       |    14 |    76 |     9 ||    99
       Iskenderun's Myst |       |       |     1 |     2 ||     3
       Sandblast         |       |       |     3 |       ||     3
  Use: Scroll            |     2 |     6 |     6 |     2 ||    16
       Potion            |     1 |       |       |       ||     1
Armor: Robe              |     3 |     3 |     5 |     5 ||    16
Dodge: Dodged            |    14 |    15 |    25 |     7 ||    61
Block: Kite shield       |       |     5 |    24 |    24 ||    53
       Reflection        |       |       |     1 |       ||     1

Table legend: (Time is in decaauts)
 A = Elapsed time spent in this place.
 B = Non-inter-level travel time spent in this place.
 C = Inter-level travel time spent in this place.
 D = Time resting spent in this place.
 E = Time spent auto-exploring this place.
 F = Levels seen in this place.
 G = Mean time per level.
                   A        B        C        D        E       F      G
               +--------+--------+--------+--------+--------+-----+--------+
         Total |   9749 |   9433 |    316 |    709 |   5877 |  10 |  974.9 |
       Dungeon |   9483 |   9198 |    285 |    709 |   5678 |   8 | 1185.4 |
        Temple |    251 |    220 |     31 |      0 |    199 |   1 |  251.0 |
          Lair |     13 |     13 |      0 |      0 |      0 |   1 |   13.0 |
               +--------+--------+--------+--------+--------+-----+--------+

Top non-repeatable levels by time:
     D:8: 1538 daAuts
     D:5: 1391 daAuts
     D:4: 1196 daAuts
     D:7: 1180 daAuts
     D:1: 1168 daAuts
     D:2: 1132 daAuts
     D:3: 1082 daAuts
     D:6: 794 daAuts
  Temple: 251 daAuts
  Lair:1: 13 daAuts
